 Dungeon Crawl Stone Soup version 0.29-a0-284-gf9362112df (webtiles) character file.

Game seed: 5771870381056347582

20 spaghetti the Sneak (level 2, -3/24 HPs)
             Began as a Demonspawn Delver on Mar 22, 2022.
             Shot with an arrow by a centaur (9 damage)
             ... on level 6 of the Dungeon.
             The game lasted 00:02:17 (1059 turns).

spaghetti the Sneak (Demonspawn Delver)             Turns: 1059, Time: 00:02:18

Health: -3/24      AC:  3    Str: 12    XL:     2   Next: 58%
Magic:  2/2        EV: 11    Int: 11    God:
Gold:   47         SH:  0    Dex: 14    Spells: 1/1 levels left

rFire   . . .      SeeInvis .   a - +0 short sword {short}
rCold   . . .      Faith    .   (no shield)
rNeg    . . .      Spirit   .   b - +0 leather armour
rPois   .          Reflect  .   (no helmet)
rElec   .          Harm     .   (no cloak)
rCorr   .          Rampage  .   (no gloves)
Will    .....                   (no boots)
Stlth   +++.......              (no amulet)
HPRegen 0.08/turn               (no ring)
MPRegen 0.08/turn               (no ring)

@: no status effects
A: claws 1
a: no special abilities


You were on level 6 of the Dungeon.
You visited 1 branch of the dungeon, and saw 4 of its levels.

You collected 47 gold pieces.


Innate Abilities, Weirdness & Mutations

You have sharp fingernails.


   Skills:
 - Level 3.0 Fighting
 - Level 1.7 Short Blades
 - Level 1.7 Dodging
 - Level 5.0 Stealth
 + Level 1.0 Unarmed Combat


You had one spell level left.
You didn't know any spells.
Your spell library was empty.

Inventory:

Hand Weapons
 a - a +0 short sword (weapon) {short}
Missiles
 e - 46 stones (quivered) {throwing}
Armour
 b - a +0 leather armour (worn)
Wands
 g - a wand of digging (1)
Scrolls
 c - a scroll of fog
 d - a scroll of magic mapping {!r}

Dungeon Overview and Level Annotations

Branches:
Dungeon (8/15)             Temple (0/1) D:6
   Lair: D:8-11

Altars:
Elyvilon
Beogh

Annotations:
D:6 3 runed translucent doors, Menkaure; Pooter's ghost, novice DrBe
D:8 Pikel

...##....##........#
#. #.#.#...#...#....
#.....#...c...#c.
#...#^....>..[
#.....#.......#
#>......#..
..###.....#.?..
....<........# #@#
#####F## #......#
#.###M># #..# #..#
#..# .... ###.#


You could see Menkaure (fast), a bullfrog and a centaur.


Message History

A spriggan comes into view. It is wielding a +0 short sword.
There is a stone staircase leading down here.
You climb downwards.
You hear the roar of battle.
There is an entrance to a bailey on this level.
Hurry and find it before the portal closes forever!
You hear the steady creaking of a distant portcullis.
There is a stone staircase leading up here.
Unknown command.
Unknown command.
e - a scroll labelled NELEGY SUURE
As you read the scroll labelled NELEGY SUURE, it crumbles to dust.
You feel strangely unstable.
It was a scroll of teleportation.
Unknown command.
Unknown command.
Your surroundings suddenly seem different.
e - 23 stones {throwing}
e - 46 stones {throwing} (gained 23)
Found a stone staircase leading down.
You hear the steady creaking of a very distant portcullis.
You now have 47 gold pieces (gained 16).
f - a scroll of teleportation {@r4}
(D) Dungeon (T) Temple
Where to? (? - help)
There is a stone staircase leading up here.
You climb upwards.
There is a stone staircase leading down here.
There are monsters nearby!
The two-headed ogre closely misses you.
The two-headed ogre hits you with a +0 giant spiked club!!
Ouch! That really hurt!
* * * LOW HITPOINT WARNING * * *
You climb downwards.
You hear the roar of battle.
There is an entrance to a bailey on this level.
Hurry and find it before the portal closes forever!
There is a stone staircase leading up here. 😱 HP[-18]
You take 18 damage, and now have 6/24 hp.
MASSIVE DAMAGE!! (PAUSE)
Okay, then.
As you read the scroll of teleportation {@r4}, it crumbles to dust.
You feel strangely unstable.
Unknown command.
Unknown command.
Unknown command.
You aren't carrying any potions.
You hit the two-headed ogre but do no damage.
The two-headed ogre hits you with a +0 giant club.
* * * LOW HITPOINT WARNING * * *
The two-headed ogre barely misses you. 😱 HP[-3]
You take 3 damage, and now have 3/24 hp.
Unknown command.
You hit the two-headed ogre but do no damage.
Your surroundings suddenly seem different. 😱 HP[+1]
A lemure comes into view.
Pikel, Merchant of Souls comes into view.
He is wielding a +2 whip of electrocution and carrying a wand of flame (29).
You hear the steady creaking of a portcullis very nearby.
Found a stone staircase leading up. 😱 HP[+1]
There is a stone staircase leading up here.
You climb upwards.
There is a stone staircase leading down here.
Unknown command.
Unknown command.
You start resting. 😎 HP[+19]
Your hp is fully restored (24).
You start waiting.
Done waiting.
Found a stone staircase leading up.
Menkaure and a bullfrog come into view.
The bullfrog croaks.
Menkaure rustles, "Let me perform the rites..."
There is a stone staircase leading up here.
The bullfrog hits you! Menkaure hits you.
* * * LOW HITPOINT WARNING * * *
You climb upwards.
You hear the hiss of flowing sand.
There is an entrance to an ossuary on this level.
Hurry and find it before the portal is buried!
The walls and floor vibrate strangely for a moment.
Level annotation: 3 runed translucent doors, Pooter's ghost, novice DrBe
There is a stone staircase leading down here. 😨 HP[-13]
You take 13 damage, and now have 11/24 hp.
MASSIVE DAMAGE!! (PAUSE)
Okay, then.
The bullfrog hits you.
* * * LOW HITPOINT WARNING * * *
😱 HP[-5]
You take 5 damage, and now have 6/24 hp.
MASSIVE DAMAGE!! (PAUSE) Menkaure mumbles some strange words.
Menkaure seems to speed up.
Found a scroll of teleportation.
Found an escape hatch in the ceiling.
The centaur shouts!
You hear a shout!
The centaur wields a +2 vorpal shortbow.
The centaur shoots an arrow.
The arrow hits you!
You die...

Skill      XL: |  1  2 |
---------------+-------+-----
Stealth        | 5 |  5.0
Unarmed Combat | 1 |  1.0
Fighting       | |  3.0
Short Blades   | |  1.7
Dodging        | |  1.7

Action                   || total
-------------------------++-------
Melee: Short sword       ||    25
Evoke: Wand              ||     2
  Use: Scroll            ||     4
       Potion            ||     1
 Stab: Sleeping          ||     1
Armor: Leather armour    ||     8
Dodge: Dodged            ||    20

Levels and vault maps discovered:
D:5:      layout_gridville, kiku_gazebo_pond_becter, amcnicky_altar_gilded,
          overflow_temple_1_default
D:6:      layout_loops_ring, nicolae_elyvilon_temple_path,
          mainiacjoe_overflow_surrounded_room, zin_statuary,
          minmay_temple_entry_sparse_star, enter_ossuary_2,
          biasface_ghost_orc_armoury, serial_shops, kennysheep_mini_moat
D:7:      layout_basic, hellmonk_guarded_unrand_gyre_and_gimble, uniq_duvessa,
          uniq_menkaure
D:8:      layout_basic, fedhas_bush_and_centaur_altar, enter_bailey_4,
          gammafunk_ghost_berserking_beasts, uniq_pikel

Notes
Turn   | Place    | Note
-------+----------+-------------------------------------------
     0 | D:5      | spaghetti the Demonspawn Delver began the quest for the
                  | Orb.
     0 | D:5      | Reached XP level 1. HP: 18/18 MP: 1/1
     0 | D:5      | magus.rc [v1.9.6]
     1 | D:6      | Noticed Pooter's ghost (novice DrBe)
     1 | D:6      | Found a runed translucent gate.
     1 | D:6      | Found a runed translucent gate.
     1 | D:6      | Found a runed translucent gate.
     3 | D:6      | Noticed an orc priest
     4 | D:6      | Identified the +1 chain mail of Vexation {rElec Will++}
     4 | D:6      | Noticed an orc warrior
     5 | D:6      | Noticed an orc warrior
    39 | D:6      | Reached skill level 5 in Stealth
    39 | D:6      | Gained mutation: You have sharp fingernails. [demonic
                  | ancestry]
    39 | D:6      | Reached XP level 2. HP: 15/24 MP: 2/2
    44 | D:6      | Noticed an ice beast
   170 | D:6      | Noticed a black bear
   199 | D:6      | Noticed a necrophage
   219 | D:6      | Noticed a centaur
   221 | D:6      | Found a staircase to the Ecumenical Temple.
   231 | D:7      | HP: 1/24 [shadow imp/nerve-wracking pain (8)]
   540 | D:7      | Reached skill level 1 in Unarmed Combat
   590 | D:7      | Noticed a two-headed ogre
   590 | D:7      | Noticed a two-headed ogre
   591 | D:7      | Noticed a spriggan
   680 | D:7      | HP: 6/24 [two-headed ogre/+0 giant club (18)]
   695 | D:8      | Noticed a lemure
   696 | D:8      | Noticed Pikel
  1050 | D:7      | Noticed Menkaure
  1050 | D:7      | Noticed a bullfrog
  1057 | D:6      | HP: 6/24 [bullfrog (5)]
  1059 | D:6      | Shot with an arrow by a centaur

Vanquished Creatures
  A gnoll (D:6)
  A shadow imp (D:7)
  An orc (D:6)
3 creatures vanquished.

Vanquished Creatures (others)
  A plant (D:6)
1 creature vanquished.

Grand Total: 4 creatures vanquished

Table legend:
 A = Non-vault XP
 B = Vault XP
 C = Vault XP percentage of total XP
 D = Non-vault monster count
 E = Vault monster count
 F = Vault count percentage of total count
                 A         B        C        D         E       F
            +---------+---------+-------+---------+---------+-------
      Total |      29 |       0 |   0.0 |       3 |       0 |   0.0
            +---------+---------+-------+---------+---------+-------
        D:6 |      18 |       0 |   0.0 |       2 |       0 |   0.0
        D:7 |      11 |       0 |   0.0 |       1 |       0 |   0.0
            +---------+---------+-------+---------+---------+-------

Illustrated notes

Table legend:
 A = Kills in this place as a percentage of kills in entire the game.
 B = Kills by you in this place as a percentage of kills by you in the entire game.
 C = Kills by friends in this place as a percentage of kills by friends in the entire game.
 D = Other kills in this place as a percentage of other kills in the entire game.
 E = Experience gained in this place as a percentage of experience gained in the entire game.
 F = Experience gained in this place divided by the number of levels of this place that you have seen.
                   A       B       C       D       E      F
               +-------+-------+-------+-------+-------+----------------------
         Total | 100.0 | 100.0 |   N/A |   N/A | 100.0 |   7.2
       Dungeon | 100.0 | 100.0 |   N/A |   N/A | 100.0 |   7.2
               +-------+-------+-------+-------+-------+----------------------

Table legend: (Time is in decaauts)
 A = Elapsed time spent in this place.
 B = Non-inter-level travel time spent in this place.
 C = Inter-level travel time spent in this place.
 D = Time resting spent in this place.
 E = Time spent auto-exploring this place.
 F = Levels seen in this place.
 G = Mean time per level.
                   A        B        C        D        E       F      G
               +--------+--------+--------+--------+--------+-----+--------+
         Total |   1045 |   1037 |      8 |    677 |    139 |   4 |  261.2 |
       Dungeon |   1045 |   1037 |      8 |    677 |    139 |   4 |  261.2 |
               +--------+--------+--------+--------+--------+-----+--------+

Top non-repeatable levels by time:
     D:7: 478 daAuts
     D:8: 350 daAuts
     D:5: 118 daAuts
     D:6: 98 daAuts
